 Dungeon Crawl Stone Soup version 0.30-a0-1124-g6e8f0f562f (webtiles) character file.

Game seed: 14780376629993819892

270438 themarg the Convoker (level 20, -2/156 HPs)
             Began as a Merfolk Summoner on Apr 23, 2023.
             Was a High Priest of Sif Muna.
             Killed from afar by a deep elf sorcerer (48 damage)
             ... with a bolt of acid
             ... on level 3 of the Elven Halls.
             The game lasted 03:13:39 (38915 turns).

themarg the Convoker (Merfolk Summoner)            Turns: 38915, Time: 03:13:39

Health: -2/156     AC: 19    Str: 15    XL:     20   Next: 21%
Magic:  26/34      EV: 15    Int: 21    God:    Sif Muna [*****.]
Gold:   312        SH:  6    Dex: 16    Spells: 3/39 levels left

rFire   + . .        f - +9 demon trident (venom)
rCold   . . .        Q - +0 buckler
rNeg    . . .        i - +4 troll leather armour
rPois   .            x - +2 helmet
rElec   .            R - +2 cloak
rCorr   .            a - +2 pair of gloves
SInv    +            I - +0 pair of boots
Will    ++...        q - amulet of magic regeneration
Stlth   ++           m - ring "Gymuava" {rF+ Will+ Str+6}
HPRegen 1.26/turn    W - ring of see invisible
MPRegen 0.64/turn

%: no passive effects
@: studying 2 skills
A: (nimble swimmer 2), mertail
}: 2/15 runes: serpentine, barnacled
a: Renounce Religion, Channel Magic, Forget Spell, Divine Exegesis


You were on level 3 of the Elven Halls.
You worshipped Sif Muna.
Sif Muna was extremely pleased with you.
You visited 7 branches of the dungeon, and saw 34 of its levels.

You collected 5602 gold pieces.
You spent 5290 gold pieces at shops.

Inventory:

Hand Weapons
 f - a +9 demon trident of venom (weapon)
Missiles
 F - 26 poisoned darts (quivered)
 K - 2 throwing nets
Armour
 a - a +2 pair of gloves (worn)
 i - a +4 troll leather armour (worn)
 x - a +2 helmet (worn)
 I - a +0 pair of boots (worn)
 Q - a +0 buckler (worn)
 R - a +2 cloak (worn)
Jewellery
 g - a ring of willpower
 j - a ring of protection from cold
 m - the ring "Gymuava" (left hand) {rF+ Will+ Str+6}
   (You took it off a merfolk on level 1 of the Shoals)

   [ring of protection from fire]

   Str:       It affects your strength (+6).
   rF:        It protects you from fire.
   Will:      It increases your willpower.
 q - an amulet of magic regeneration (around neck)
 B - a +6 ring of intelligence
 J - a ring of resist corrosion
 W - a ring of see invisible (right hand)
Wands
 p - a wand of polymorph (7)
 A - a wand of iceblast (10)
 C - a wand of digging (2)
 H - a wand of charming (16)
 O - a wand of acid (5)
 T - a wand of mindburst (17)
Scrolls
 c - 8 scrolls of poison
 k - 4 scrolls of blinking
 o - 22 scrolls of teleportation
 t - 2 scrolls of summoning
 v - 12 scrolls of immolation
 w - 10 scrolls of torment
 y - 4 scrolls of fog
 G - 3 scrolls of magic mapping
 M - 2 scrolls of silence
 U - 3 scrolls of amnesia
 Z - 3 scrolls of fear
Potions
 b - 6 potions of magic
 d - a potion of cancellation
 h - 16 potions of curing
 l - 8 potions of might
 n - 5 potions of heal wounds
 r - 4 potions of flight
 s - 13 potions of mutation
 z - a potion of brilliance
 L - 4 potions of attraction
 N - 6 potions of lignification
 P - 7 potions of haste
 S - 4 potions of ambrosia
 X - 2 potions of resistance
 Y - 4 potions of invisibility
Miscellaneous
 e - a lightning rod (4/4)
 u - a phantom mirror
 D - a phial of floods
 E - a box of beasts
 V - a tin of tremorstones (2/2)


   Skills:
 + Level 13.2 Fighting
 - Level 8.0 Polearms
 - Level 5.0 Armour
 - Level 8.0 Dodging
 - Level 3.0 Stealth
 * Level 8.3 Shields
 - Level 10.0 Spellcasting
 - Level 5.0 Hexes
 - Level 20.0 Summonings
 + Level 8.6 Necromancy
 + Level 9.3 Translocations
 - Level 7.0 Ice Magic
 - Level 6.9 Air Magic
 - Level 10.0 Invocations
 - Level 10.0 Evocations


You had 3 spell levels left.
You knew the following spells:

 Your Spells              Type           Power      Damage    Failure   Level
a - Monstrous Menagerie   Summ           38%        N/A       2%          7
b - Summon Hydra          Summ           38%        N/A       2%          7
c - Summon Forest         Summ/Tloc      32%        N/A       1%          5
d - Summon Lightning Spi  Summ/Air       61%        N/A       1%          4
e - Anguish               Hex/Necr       19%        N/A       6%          4
f - Apportation           Tloc           98%        N/A       1%          1
g - Blink                 Tloc           98%        N/A       1%          2
h - Airstrike             Air            19%        2d(3-19)  5%          4
i - Sublimation of Blood  Necr           46%        N/A       1%          2

Your spell library contained the following spells:

 Spells                   Type           Power      Damage    Failure   Level
 Summon Small Mammal      Summ           100%       N/A       0%          1
 Call Imp                 Summ           100%       N/A       0%          2
 Call Canine Familiar     Summ           76%        N/A       0%          3
 Kiss of Death            Conj/Necr      100%       2d13      1%          1
 Necrotise                Necr           100%       1d9       1%          1
 Ensorcelled Hibernation  Hex/Ice        70%        N/A       1%          2
 Lesser Beckoning         Tloc           98%        N/A       1%          2
 Frozen Ramparts          Ice            78%        1d12      1%          3
 Gell's Gravitas          Tloc           49%        N/A       1%          3
 Ozocubu's Armour         Ice            39%        N/A       1%          3
 Portal Projectile        Hex/Tloc       80%        N/A       1%          3
 Summon Guardian Golem    Hex/Summ       58%        N/A       1%          3
 Swiftness                Air            39%        N/A       1%          3
 Teleport Other           Tloc           49%        N/A       1%          3
 Vhi's Electric Charge    Tloc/Air       88%        N/A       1%          3
 Poisonous Vapours        Pois/Air       50%        N/A       3%          2
 Volatile Blastmotes      Fire/Tloc      60%        2d15      4%          3
 Hailstorm                Conj/Ice       25%        3d7       7%          3
 Beastly Appendage        Tmut           20%        N/A       10%         1
 Sting                    Tmut/Pois      40%        1d5       10%         1
 Dazzling Flash           Conj/Hex       42%        N/A       11%         3
 Inner Flame              Hex/Fire       21%        N/A       11%         3
 Scorch                   Fire           20%        2d6       14%         2
 Wereblood                Tmut           10%        N/A       14%         2
 Spider Form              Tmut/Pois      10%        N/A       28%         3
 Manifold Assault         Tloc           49%        N/A       1%          4
 Summon Ice Beast         Ice/Summ       61%        N/A       1%          4
 Summon Mana Viper        Hex/Summ       58%        N/A       1%          5
 Summon Cactus Giant      Summ           38%        N/A       1%          6
 Animate Dead             Necr           46%        N/A       2%          4
 Dispel Undead            Necr           46%        3d18      2%          4
 Iskenderun's Mystic Bla  Conj/Tloc      30%        2d8       14%         4
 Summon Horrible Things   Summ           38%        N/A       17%         8
 Malign Gateway           Summ/Tloc      32%        N/A       21%         7
 Ice Form                 Ice/Tmut       25%        N/A       22%         4
 Metabolic Englaciation   Hex/Ice        17%        N/A       22%         5
 Haunt                    Necr/Summ      31%        N/A       22%         7
 Silence                  Hex/Air        17%        N/A       24%         5
 Dispersal                Tloc           24%        N/A       32%         6
 Freezing Cloud           Conj/Ice/Air   15%        6-21      38%         5
 Death Channel            Necr           23%        N/A       38%         6
 Simulacrum               Ice/Necr       21%        N/A       52%         6
 Arcjolt                  Conj/Air       12%        1d22      54%         5
 Flame Wave               Conj/Fire      10%        2d6       67%         4
 Olgreb's Toxic Radiance  Pois           10%        N/A       67%         4
 Sticky Flame             Conj/Fire      10%        2d3       67%         4
 Yara's Violent Unravell  Hex/Tmut       10%        3d6       67%         5
 Spellforged Servitor     Conj/Summ      25%        N/A       80%         7
 Dragon's Call            Summ           38%        N/A       95%         9
 Plasma Beam              Fire/Air       12%        2x1d26    98%         6
 Starburst                Conj/Fire      5%         6d4       100%        6
 Enfeeble                 Hex            15%        N/A       100%        7
 Storm Form               Tmut/Air       12%        N/A       100%        7
 Infestation              Necr           23%        N/A       100%        8
 Maxwell's Capacitive Co  Air            19%        ∞         100%        8
 Fire Storm               Conj/Fire      5%         8d1       100%        9


Dungeon Overview and Level Annotations

Branches:
Dungeon (15/15)            Temple (1/1) D:7            Lair (5/5) D:10
 Shoals (4/4) Lair:3        Snake (4/4) Lair:3        Slime (0/5) Lair:5
    Orc (2/2) D:12            Elf (3/3) Orc:2        Vaults (0/5) D:14
 Depths (0/4) D:15

Altars:
Ashenzari
Cheibriados
Dithmenos
Elyvilon
Fedhas
Gozag
Kikubaaqudgha
Makhleb
Nemelex Xobeh
Qazlal
Sif Muna
Trog
Uskayaw
Vehumet
Wu Jian
Xom
Yredelemnul
Zin
Jiyva

Shops:
D:3 *   D:4 ?   D:7 *   D:8 !   Orc:2 (:[*   Elf:3 =   Snake:3 *[
Snake:4 (=::*?=::

Annotations:
D:5 1 runed translucent door
D:9 1 exclusion
Snake:2 exclusion: ice statue, Roxanne
Elf:2 3 runed translucent doors


Innate Abilities, Weirdness & Mutations

((You are very nimble when in or above water. (Stealth+, EV+, Speed+++)))
Your lower body shifts to a powerful aquatic tail in water.


Message History

The deep elf sorcerer points at you and mumbles some strange words.
The sphere of damnation explodes!
The damnation engulfs your snaplasher vine!!
Your snaplasher vine is destroyed!
The damnation engulfs you!!
* * * LOW HITPOINT WARNING * * *
Your dryad hits the deep elf sorcerer.
You hear a shout!
Something hits your dryad!
Your legs become a tail as you enter the water.
Your +0 pair of boots melds into your body.
Sif Muna accepts your kill.
You hear a splash.
You feel a bit more experienced.
Your dryad hits the deep elf sorcerer.
Space becomes stable.
Your +0 pair of boots unmelds from your body.
You start resting.
A deep elf sorcerer is nearby!
You summon a lindwurm!
You puncture the deep elf sorcerer!
The deep elf sorcerer is poisoned.
The deep elf sorcerer is lightly wounded.
The deep elf sorcerer hits you with a +4 great sword of holy wrath!
* * * LOW HITPOINT WARNING * * *
You puncture the deep elf sorcerer!
The deep elf sorcerer looks as sick as possible!
The deep elf sorcerer is heavily wounded.
The deep elf sorcerer casts a spell at you.
You easily resist.
Your lindwurm bites the deep elf sorcerer!
Your lindwurm barely misses the deep elf sorcerer.
Your lindwurm claws the deep elf sorcerer.
The deep elf sorcerer gestures at your lindwurm while chanting.
The bolt of acid hits your lindwurm!!! The acid corrodes your lindwurm!
You completely miss the deep elf sorcerer.
The deep elf sorcerer is severely wounded.
Your lindwurm barely misses the deep elf sorcerer. x2
Your lindwurm claws the deep elf sorcerer.
The deep elf sorcerer points at you and mumbles some strange words.
The bolt of acid hits you!!!
You die...

*,*********#e.#*******+***#
*,,,,,,,,,*#))#*,,,,,,,,,*#
*,,,,,,,,,*#).#*,,,,,,,,,*#
*,,,,,,,,,*#..#*,,,,,,,,,*#
*,,,,,,,,,*#..#*,,,,,,,,,*#
***********#~)#***********#
#~)# # ###~)### # ***
#@e.)..# ****##*# *,*
#.k....# *......, ###,*
##....#####....... ##..,#*
#..)...........#. ##.###.##
#)..)...........# #.#...#.#
#...)...).......#
#.#...#.###................
*,#...#.##..))............#
*#.###.)..................#


You could see a deep elf sorcerer (fast, empowered, extremely poisoned, ally
target) and a friendly lindwurm (summoned, corroded).

Vanquished Creatures
  Mara (Shoals:4)
  Vashnia (Snake:3)
  A deep elf blademaster (Elf:3)
  Frances (Shoals:1)
  Ilsuiw (Shoals:2)
  A nagaraja (Snake:4)
  A deep elf annihilator (Elf:3)
  A merfolk javelineer (Shoals:3)
  A deep elf death mage (Elf:3)
  A merfolk impaler (Shoals:2)
  A yaktaur captain (D:14)
  4 merfolk avatars
  A hydra (D:15)
  2 centaur warriors
  A death knight (D:11)
  An ogre mage (D:15)
  2 boulder beetles
  3 dancing weapons
  3 anacondas
  5 satyrs (Shoals:4)
  A two-headed ogre (D:15)
  An orc high priest (Orc:2)
  5 deep elf knights
  2 naga sharpshooters (Snake:3)
  2 skysharks
  A sea snake (Shoals:1)
  2 skeletal warriors
  A naga ritualist (Snake:2)
  A deep elf archer (Elf:2)
  8 deep elf zephyrmancers
  A mana viper (Snake:4)
  4 ugly things
  3 harpies
  4 deep elf pyromancers
  A salamander (shapeshifter) (Elf:1)
  2 manticores
  2 orc sorcerers
  2 salamanders
  3 fauns
  A merfolk siren (Shoals:1)
  6 black mambas
  A water nymph (Shoals:4)
  A naga mage (Snake:3)
  2 cane toads
  A yaktaur (D:14)
  A rime drake (Lair:5)
  A gargoyle (D:14)
  7 nameless horrors
  3 komodo dragons
  A freezing wraith (D:12)
  5 trolls
  A polar bear (Lair:2)
  5 merfolk
  3 snapping turtles
  9 blink frogs
  A slime creature (Lair:5)
  An air elemental (Elf:1)
  A spriggan (Lair:2)
  2 wyverns
  A wraith (D:11)
  10 yaks
  3 water elementals
  A fire elemental (Elf:1)
  3 basilisks
  A vampire mosquito (D:11)
  A warg (Orc:2)
  A naga (Snake:2)
  3 water moccasins
  10 orc warriors
  5 ogres
  A black bear (D:5)
  2 wolves (Lair:5)
  A bullfrog (D:5)
  2 scorpions
  5 orc priests
  A jelly (D:6)
  5 orc wizards
  An ufetubus (D:7)
  12 orcs
  2 endoplasms
  2 goblins (D:3)
  3 hobgoblins
  A jackal (D:1)
  A kobold (D:7)
  3 bats
  A frilled lizard (D:1)
  3 rats
217 creatures vanquished.

Vanquished Creatures (collateral kills)
  Bai Suzhen (Shoals:4)
  Nikola (Snake:2)
  A kraken (Shoals:3)
  Polyphemus (Shoals:2)
  A sphinx (Shoals:4)
  Agnes (Snake:3)
  Kirke (Snake:1)
  4 nagarajas (Snake:4)
  Louise (Snake:3)
  3 deep elf sorcerers
  Aizul (Snake:3)
  3 deep elf elementalists (Elf:3)
  An orc warlord (Orc:2)
  2 dire elephants
  3 deep elf demonologists (Elf:3)
  2 deep elf annihilators (Elf:3)
  3 minotaurs (Shoals:4)
  3 deep elf death magi (Elf:3)
  2 merfolk javelineers
  3 deep elf high priests
  A salamander tyrant (Snake:4)
  5 hydras
  2 boulder beetles
  4 centaur warriors
  2 ogre magi (D:15)
  3 merfolk avatars
  7 anacondas
  A merfolk aquamancer (Shoals:2)
  A catoblepas (Shoals:2)
  9 two-headed ogres
  12 dancing weapons
  6 satyrs
  2 death yaks (Shoals:2)
  11 naga warriors
  9 naga sharpshooters
  4 orc high priests
  2 tengu warriors (D:14)
  5 deep elf knights
  4 shock serpents (Snake:2)
  5 skysharks
  2 salamander mystics (Snake:4)
  4 skeletal warriors (D:14)
  4 sea snakes
  4 naga ritualists
  A lindwurm (shapeshifter) (D:14)
  20 deep elf archers
  11 harpies
  12 deep elf pyromancers
  20 deep elf zephyrmancers
  4 orc knights
  5 ugly things
  4 mana vipers
  A wolf spider (D:15)
  13 fauns
  7 salamanders
  5 cyclopes
  2 orc sorcerers (Orc:2)
  18 manticores
  7 elephants
  7 guardian serpents
  12 black mambas
  3 merfolk sirens
  A torpor snail (shapeshifter) (Elf:2)
  6 water nymphs
  12 naga magi
  2 torpor snails
  2 gargoyles
  2 orange demons (D:14)
  8 komodo dragons
  13 cane toads
  2 rime drakes
  A kobold demonologist (D:11)
  2 unseen horrors (D:11)
  2 yaktaurs
  A freezing wraith (D:15)
  A tengu conjurer (D:15)
  19 merfolk
  5 trolls
  5 meliai (D:14)
  A polar bear (Lair:5)
  A wind drake (Shoals:2)
  Prince Ribbit (D:8)
  5 hornets
  12 blink frogs
  The ghost of mandoloar the Stinger, an amateur OpVM (D:5)
  3 snapping turtles
  A slime creature (Lair:5)
  A culicivora (shapeshifter) (Elf:1)
  6 spriggans (Lair:2)
  A wraith (D:13)
  42 yaks
  A vampire (D:9)
  6 water elementals
  7 hogs (Snake:1)
  A shadow (D:9)
  3 steam dragons
  2 basilisks
  4 fire elementals
  2 vampire mosquitoes (D:11)
  A warg (Orc:1)
  33 nagas
  An acid dragon (D:14)
  12 water moccasins
  5 black bears
  18 orc warriors
  5 ogres
  9 wolves
  A wolf (shapeshifter) (Elf:1)
  7 centaurs
  2 phantoms (D:6)
  3 kobold brigands
  2 gnoll sergeants (D:8)
  8 bullfrogs
  11 scorpions
  3 earth elementals
  5 wights (D:10)
  3 killer bees (D:9)
  A howler monkey (D:10)
  16 nameless horrors
  2 gnoll boudas
  2 jellies (Lair:5)
  20 orc priests
  3 iguanas
  7 sleepcaps
  24 orc wizards
  Robin (D:3)
  10 gnolls
  A river rat (D:5)
  6 adders
  2 white imps (D:6)
  An ufetubus (D:7)
  2 worms
  3 dart slugs
  62 orcs
  A ball python (D:1)
  7 endoplasms
  4 giant cockroaches
  13 goblins
  6 hobgoblins
  6 jackals
  3 quokkas
  4 bats
  18 kobolds
  4 rats
  A tentacle (Shoals:3)
843 creatures vanquished.

Vanquished Creatures (others)
  A merfolk javelineer (Shoals:4)
  An alligator snapping turtle (Shoals:3)
  An anaconda (Snake:2)
  A satyr (Shoals:3)
  A tengu warrior (D:15)
  2 naga sharpshooters (Snake:4)
  2 shock serpents
  2 deep elf knights (Elf:1)
  2 skysharks
  A salamander mystic (Snake:3)
  2 deep elf zephyrmancers (Elf:1)
  3 harpies
  A wolf spider (D:15)
  A mana viper (Snake:2)
  2 salamanders
  An orc sorcerer (Elf:1)
  A faun (Shoals:4)
  A meliai (D:14)
  A troll (D:12)
  A snapping turtle (Lair:5)
  2 yaks
  A naga (Snake:3)
  An orc warrior (D:12)
  A wolf (Lair:5)
  A centaur (D:15)
  2 orc priests
  4 orc wizards
  2 orcs
  50 fungi
  155 plants
  7 snaplasher vines
  4 tentacles (Shoals:3)
  3 withered plants (D:3)
261 creatures vanquished.

Grand Total: 1321 creatures vanquished

Notes
Turn   | Place    | Note
-------+----------+-------------------------------------------
     0 | D:1      | themarg the Merfolk Summoner began the quest for the Orb.
     0 | D:1      | Reached XP level 1. HP: 13/13 MP: 3/3
   283 | D:1      | Reached XP level 2. HP: 19/19 MP: 1/5
   286 | D:1      | Learned a level 2 spell: Call Imp
   840 | D:1      | Reached XP level 3. HP: 13/24 MP: 1/6
   844 | D:1      | Learned a level 3 spell: Call Canine Familiar
  1717 | D:2      | Reached skill level 5 in Summonings
  2053 | D:2      | Found a radiant altar of Vehumet.
  2112 | D:3      | Reached XP level 4. HP: 30/30 MP: 2/7
  2285 | D:3      | Found Giuvvoveof's General Store.
  2289 | D:3      | Bought a scroll of teleportation for 30 gold pieces
  2619 | D:3      | Noticed Robin
  2630 | D:3      | Killed Robin
  2794 | D:3      | Found a faded altar of an unknown god.
  3151 | D:3      | Reached XP level 5. HP: 35/35 MP: 2/8
  3288 | D:4      | Reached skill level 6 in Summonings
  3672 | D:4      | Found an ornate altar of the Wu Jian Council.
  3673 | D:4      | Found a snail-covered altar of Cheibriados.
  3804 | D:4      | Reached skill level 7 in Summonings
  3804 | D:4      | Reached XP level 6. HP: 41/41 MP: 1/9
  3885 | D:4      | Found Elits's Magic Scroll Shop.
  3893 | D:4      | Bought a scroll of fog for 40 gold pieces
  3893 | D:4      | Bought a scroll of identify for 20 gold pieces
  4237 | D:5      | Entered Level 5 of the Dungeon
  4549 | D:5      | Found a runed translucent door.
  4560 | D:5      | Noticed mandoloar's ghost (amateur OpVM)
  4569 | D:5      | Found a broken altar of Ashenzari.
  4605 | D:5      | Reached XP level 7. HP: 46/46 MP: 8/10
  4616 | D:5      | Found a hide-covered altar of Uskayaw.
  4728 | D:5      | Reached skill level 8 in Summonings
  4892 | D:5      | Found a runed translucent door.
  5353 | D:6      | Reached skill level 1 in Air Magic
  5441 | D:6      | Reached skill level 9 in Summonings
  5441 | D:6      | Reached XP level 8. HP: 52/52 MP: 11/11
  5543 | D:6      | Noticed a yak
  5543 | D:6      | Noticed a troll
  5625 | D:6      | Killed a troll
  5992 | D:6      | Killed a yak
  5993 | D:6      | Reached skill level 10 in Summonings
  6160 | D:6      | Reached XP level 9. HP: 62/64 MP: 9/12
  6292 | D:6      | Learned a level 4 spell: Summon Lightning Spire
  6355 | D:6      | Reached skill level 5 in Fighting
  6863 | D:7      | Found Lunood's Assorted Antiques.
  6947 | D:4      | Bought a scroll of magic mapping for 75 gold pieces
  6947 | D:4      | Bought a scroll of identify for 20 gold pieces
  6947 | D:4      | Bought a scroll of identify for 20 gold pieces
  7006 | D:5      | Killed mandoloar's ghost
  7007 | D:5      | Reached skill level 5 in Dodging
  7236 | D:7      | Found a stormy altar of Qazlal.
  7509 | D:7      | Found a basalt altar of Yredelemnul.
  7510 | D:7      | Found a shadowy altar of Dithmenos.
  7512 | D:7      | Found a bloodstained altar of Trog.
  7512 | D:7      | Found an ancient bone altar of Kikubaaqudgha.
  7719 | D:7      | Found a staircase to the Ecumenical Temple.
  7728 | Temple   | Entered the Ecumenical Temple
  7809 | Temple   | Became a worshipper of Sif Muna the Loreminder
  8083 | D:8      | Noticed Prince Ribbit
  8102 | D:8      | Killed Prince Ribbit
  8103 | D:8      | Reached skill level 5 in Spellcasting
  8103 | D:8      | Reached skill level 1 in Polearms
  8427 | D:8      | Identified a scroll of acquirement
  8430 | D:8      | Acquired 445 gold pieces
  8449 | D:8      | Noticed a hornet
  8457 | D:8      | Killed a hornet
  8458 | D:8      | Reached XP level 10. HP: 76/76 MP: 13/17
  8711 | D:8      | Found Cixoh's Distillery.
  8719 | D:8      | Bought a potion of resistance for 130 gold pieces
  8719 | D:8      | Bought a potion of ambrosia for 104 gold pieces
  8719 | D:8      | Bought a potion of invisibility for 104 gold pieces
  8719 | D:8      | Bought a potion of curing for 39 gold pieces
  8719 | D:8      | Bought a potion of heal wounds for 65 gold pieces
  8719 | D:8      | Bought a potion of attraction for 39 gold pieces
  8719 | D:8      | Bought a potion of curing for 39 gold pieces
  8719 | D:8      | Bought a potion of invisibility for 104 gold pieces
  8936 | D:9      | Reached * piety under Sif Muna
  8937 | D:9      | Reached skill level 5 in Polearms
  9357 | D:9      | Reached skill level 10 in Fighting
  9363 | D:9      | Reached skill level 1 in Invocations
  9655 | D:9      | Reached ** piety under Sif Muna
  9857 | D:10     | Entered Level 10 of the Dungeon
  9866 | D:10     | Reached XP level 11. HP: 90/90 MP: 15/19
  9940 | D:10     | Noticed a two-headed ogre
  9950 | D:10     | Killed a two-headed ogre
  9985 | D:10     | Reached skill level 5 in Invocations
 10231 | D:10     | Noticed a manticore
 10238 | D:10     | Killed a manticore
 10318 | D:10     | Found a staircase to the Lair.
 10976 | D:11     | Noticed a cyclops
 10987 | D:11     | Killed a cyclops
 11040 | D:11     | Reached *** piety under Sif Muna
 11043 | D:11     | Noticed a two-headed ogre
 11056 | D:11     | Killed a two-headed ogre
 11464 | Lair:1   | Entered Level 1 of the Lair of Beasts
 11472 | Lair:1   | Reached skill level 10 in Invocations
 11472 | Lair:1   | Reached XP level 12. HP: 77/97 MP: 15/22
 11511 | Lair:1   | Reached skill level 1 in Armour
 12434 | Lair:2   | Noticed a skyshark
 12448 | Lair:2   | Killed a skyshark
 12449 | Lair:2   | Reached skill level 1 in Shields
 12636 | Lair:2   | Reached skill level 5 in Armour
 12791 | Lair:2   | Reached **** piety under Sif Muna
 12792 | Lair:2   | Reached skill level 5 in Shields
 12906 | Lair:2   | Identified the staff of cold "Jesmidul" {rC+ Will++}
 13292 | Lair:2   | Reached skill level 5 in Air Magic
 13403 | Lair:2   | Noticed a skyshark
 13424 | Lair:2   | Killed a skyshark
 13425 | Lair:2   | Reached XP level 13. HP: 19/103 MP: 15/23
 13543 | Lair:2   | Reached skill level 11 in Summonings
 13543 | Lair:2   | Reached XP level 14. HP: 110/110 MP: 24/24
 13559 | Lair:2   | Reached skill level 12 in Summonings
 14033 | Lair:3   | Reached skill level 1 in Hexes
 14033 | Lair:3   | Reached skill level 1 in Necromancy
 14066 | Lair:3   | Acquired a +2 demon trident of venom
 14112 | Lair:3   | Found a staircase to the Snake Pit.
 14207 | Lair:3   | Found a staircase to the Shoals.
 14799 | Lair:3   | Learned a level 4 spell: Anguish
 15092 | Lair:4   | Reached skill level 1 in Translocations
 15154 | Lair:4   | Reached ***** piety under Sif Muna
 15907 | Lair:5   | Entered Level 5 of the Lair of Beasts
 16111 | Lair:5   | Reached skill level 5 in Hexes
 16259 | Lair:5   | Reached skill level 5 in Necromancy
 16363 | Lair:5   | Received a gift from Sif Muna
 16364 | Lair:5   | Got Onat's Codex of Aeromancy and Confrontation {god gift}
 16367 | Lair:5   | Learned a level 1 spell: Apportation
 16370 | Lair:5   | Learned a level 2 spell: Blink
 16375 | Lair:5   | Learned a level 4 spell: Airstrike
 16441 | Lair:5   | Noticed a dire elephant
 16649 | Lair:5   | Found a viscous altar of Jiyva.
 16649 | Lair:5   | Found a staircase to the Slime Pits.
 16660 | Lair:5   | Reached skill level 5 in Evocations
 16847 | Lair:5   | Reached XP level 15. HP: 109/115 MP: 7/25
 17199 | Lair:5   | Reached skill level 1 in Ice Magic
 17701 | D:4      | Bought a scroll of acquirement for 520 gold pieces
 17701 | D:4      | Acquired 929 gold pieces
 17764 | D:3      | Bought a scroll of fog for 40 gold pieces
 17825 | D:4      | Bought a scroll of enchant weapon for 75 gold pieces
 17825 | D:4      | Bought a scroll of enchant weapon for 75 gold pieces
 17880 | D:7      | Bought a fizzy clear potion for 28 gold pieces
 18639 | D:12     | Found a staircase to the Orcish Mines.
 19045 | Orc:1    | Entered Level 1 of the Orcish Mines
 19214 | Orc:1    | Received a gift from Sif Muna
 19223 | Orc:1    | Learned a level 6 spell: Summon Cactus Giant
 19440 | Orc:2    | Entered Level 2 of the Orcish Mines
 19512 | Orc:2    | Reached skill level 5 in Ice Magic
 19653 | Orc:2    | Found a staircase to the Elven Halls.
 19740 | Orc:2    | Noticed an orc warlord
 19787 | Orc:2    | Killed an orc warlord
 20504 | Orc:2    | Reached skill level 10 in Evocations
 20589 | Orc:2    | Found Legau's Antique Armour Emporium.
 20590 | Orc:2    | Found Ehif's Antique Weapon Shoppe.
 20605 | Orc:2    | Found Jewin's General Store.
 20605 | Orc:2    | Found Poryajeff's Book Emporium.
 20659 | Orc:2    | Bought a potion of haste for 140 gold pieces
 20659 | Orc:2    | Bought a potion of invisibility for 112 gold pieces
 20659 | Orc:2    | Bought a scroll of amnesia for 56 gold pieces
 20659 | Orc:2    | Bought a tin of tremorstones (2/2) for 560 gold pieces
 20659 | Orc:2    | Bought a lightning rod (4/4) for 420 gold pieces
 20659 | Orc:2    | Bought 3 potions of curing for 126 gold pieces
 21056 | D:13     | Received a gift from Sif Muna
 21057 | D:13     | Got Sif Muna's Encyclopedia of Leadership {god gift}
 21695 | D:14     | Found a gate to the Vaults.
 21868 | D:14     | Reached skill level 13 in Summonings
 22071 | D:14     | Reached XP level 16. HP: 122/122 MP: 19/26
 22481 | D:14     | Identified the +0 falchion of Pain and Death {flame, rCorr
                  | Int+3 Dex-2}
 23019 | D:14     | Reached skill level 14 in Summonings
 23040 | D:14     | Acquired 1079 gold pieces
 23086 | D:15     | Entered Level 15 of the Dungeon
 23436 | D:15     | Paralysed by an ogre mage for 4 turns
 23513 | D:15     | Reached skill level 15 in Summonings
 23930 | D:15     | Found a staircase to the Depths.
 24805 | Shoals:1 | Entered Level 1 of the Shoals
 24811 | Shoals:1 | Received a gift from Sif Muna
 24812 | Shoals:1 | Got Zoagy's Essays on the Commander and the Winter {god
                  | gift}
 24838 | Shoals:1 | Learned a level 7 spell: Monstrous Menagerie
 24934 | Shoals:1 | Noticed Frances
 24946 | Shoals:1 | Killed Frances
 25271 | Shoals:1 | Identified the ring "Gymuava" {rF+ Will+ Str+6}
 25957 | Shoals:2 | Noticed Polyphemus
 25974 | Shoals:2 | Killed Polyphemus
 25975 | Shoals:2 | Reached XP level 17. HP: 70/128 MP: 30/30
 26369 | Shoals:2 | Noticed Ilsuiw
 26374 | Shoals:2 | Reached skill level 10 in Spellcasting
 26398 | Shoals:2 | Killed Ilsuiw
 26398 | Shoals:2 | Received a gift from Sif Muna
 26399 | Shoals:2 | Got Daqearea's Spellbook of Wanderlust and the Gang {god
                  | gift}
 26525 | Shoals:2 | Reached skill level 5 in Translocations
 26768 | Shoals:2 | Learned a level 7 spell: Summon Hydra
 27399 | Shoals:3 | Noticed a kraken
 27407 | Shoals:3 | Killed a kraken
 27501 | Shoals:3 | HP: 3/128 [alligator snapping turtle (33)]
 27867 | Shoals:4 | Entered Level 4 of the Shoals
 27867 | Shoals:4 | Noticed Mara
 27868 | Shoals:4 | Noticed Bai Suzhen
 27872 | Shoals:4 | Noticed themarg's illusion
 28297 | Snake:1  | Entered Level 1 of the Snake Pit
 28336 | Snake:1  | Noticed Kirke
 28349 | Snake:1  | Killed Kirke
 28422 | Snake:1  | Reached skill level 16 in Summonings
 28924 | Snake:1  | Identified the +1 leather armour "Xotakk" {rF+ rCorr}
 28930 | Snake:2  | Noticed Roxanne
 29067 | Snake:2  | Received a gift from Sif Muna
 29083 | Snake:2  | Got Sif Muna's Atlas of Maleficia and the Congregation {god
                  | gift}
 29229 | Snake:2  | Reached skill level 17 in Summonings
 29361 | Snake:2  | Noticed Nikola
 29368 | Snake:2  | Killed Nikola
 29373 | Snake:2  | Reached XP level 18. HP: 134/134 MP: 16/32
 29668 | Snake:2  | Identified the +0 plate armour of Runlagge {rPois Str-4
                  | Int+4}
 30285 | Snake:3  | Found Holipuiz's Armour Boutique.
 30285 | Snake:3  | Found Eniaso's General Store.
 30285 | Snake:3  | Noticed Agnes
 30297 | Snake:3  | Learned a level 5 spell: Summon Forest
 30303 | Snake:3  | Noticed Aizul
 30313 | Snake:3  | Killed Agnes
 30315 | Snake:3  | Killed Aizul
 30378 | Snake:3  | Bought a potion of curing for 60 gold pieces
 30378 | Snake:3  | Bought a potion of haste for 200 gold pieces
 30378 | Snake:3  | Bought a wand of digging (2) for 168 gold pieces
 30428 | Snake:3  | Reached skill level 18 in Summonings
 30444 | Snake:3  | Identified the +1 leather armour of Dithmenos's Supremacy
                  | {-Tele Fly rElec Stlth+}
 30601 | Snake:3  | Noticed Vashnia
 30761 | Snake:3  | Noticed Louise
 30769 | Snake:3  | Killed Louise
 30939 | Snake:3  | Killed Vashnia
 31377 | Snake:4  | Entered Level 4 of the Snake Pit
 31501 | Snake:4  | Found Penoh Jabo's Vocational Training.
 31513 | Snake:4  | Found Dueluargh's Book Boutique.
 31619 | Snake:4  | Found Ihaompas's General Store.
 31623 | Snake:4  | Found Lanu Ota's Magic Scroll Shop.
 31658 | Snake:4  | Bought a scroll of blinking for 112 gold pieces
 31677 | Snake:4  | Found Ekosuco's Jewellery Shoppe.
 31712 | Snake:4  | Found Riyfofapn's Jewellery Shop.
 31712 | Snake:4  | Found Heohen's Book Emporium.
 31713 | Snake:4  | Found Azegast's Book Emporium.
 31809 | Snake:4  | Found Vaps's Weapon Shop.
 32231 | Snake:4  | Reached skill level 19 in Summonings
 32620 | Snake:4  | Reached skill level 20 in Summonings
 32636 | Snake:4  | Got a serpentine rune of Zot
 33295 | Lair:3   | Learned a level 2 spell: Sublimation of Blood
 33412 | Shoals:4 | Noticed themarg's illusion
 33432 | Shoals:4 | Noticed themarg's illusion
 34355 | Shoals:4 | Killed Mara
 34356 | Shoals:4 | Reached XP level 19. HP: 129/142 MP: 23/33
 34640 | Shoals:4 | Got a barnacled rune of Zot
 34729 | Shoals:4 | Killed Bai Suzhen
 35252 | Snake:4  | Bought 2 potions of curing for 114 gold pieces
 35271 | Snake:4  | Bought a manual of Invocations for 1280 gold pieces
 35295 | Snake:4  | Bought a ring of willpower for 375 gold pieces
 35565 | Elf:1    | Entered Level 1 of the Elven Halls
 35689 | Elf:1    | Found a radiant altar of Vehumet.
 37288 | Elf:2    | Received a gift from Sif Muna
 37289 | Elf:2    | Got Ydeijie's Lectures on Changed Evil Rites {god gift}
 37564 | Elf:2    | Found a runed translucent gate.
 37564 | Elf:2    | Found a runed translucent gate.
 37679 | Elf:2    | Identified the +9 sling of Asol {speed, rCorr}
 37843 | Elf:2    | Found a runed translucent gate.
 38057 | Elf:3    | Entered Level 3 of the Elven Halls
 38181 | Elf:3    | Found Juggin's Jewellery Boutique.
 38437 | Elf:3    | Identified the +3 sling "Suzxi" {drain, rElec rF+ rC+
                  | rCorr}
 38574 | Elf:3    | Reached XP level 20. HP: 155/155 MP: 7/34
 38894 | Elf:3    | Identified the ring of Skepticism {rC+ Str+3}
 38915 | Elf:3    | Killed from afar by a deep elf sorcerer

Illustrated notes

Levels and vault maps discovered:
D:1:      roderic_octagonal_star, layout_loops_ring
D:2:      kennysheep_six_static_rooms, layout_rooms, basic_altar,
          corner_web_ring, st_stairs_2, nicolae_elevator_lobby_plus
D:3:      layout_loops_ring, serial_shops, nicolae_shop_crystal,
          shapermc_ecumenical_altar_flowoftime, columned_hall_lemuel, uniq_robin
D:4:      layout_basic, mainiacjoe_overflow_catwalk_spiral, serial_shops, shop,
          minmay_misc_feat_rows
D:5:      layout_basic, nicolae_ashenzari_panopticon, nicolae_uskayaw_suspiria,
          ebering_ghost_sewer_f, minmay_door_square
D:6:      layout_loops_corners, minmay_divided_ellipse
D:7:      layout_loops_ring, nicolae_overflow_hidden_temple,
          mainiacjoe_overflow_alcove_3, minmay_temple_entry_statues,
          serial_shops, nicolae_shop_trees, minivault_27,
          kennysheep_generic_room_8
D:8:      layout_rooms, serial_shops, nicolae_shop_pleasant_corner_grove,
          nicolae_grassy_gnolls, uniq_prince_ribbit1
D:9:      layout_basic, serial_glass, glass_columns_c, glass_columns_b,
          item_on_display_a, due_unseen_surprise
D:10:     layout_long_grid, due_lair_maze_entry_diamond, st_stairs_11
D:11:     layout_loops_ring
D:12:     layout_gridville, minmay_orc_entry_temple_small
D:13:     layout_cave_pools, serial_column_ruins, column_ruins_hut,
          column_ruins_hut, column_ruins_grid_4, column_ruins_open_small,
          column_ruins_open_tiny, column_ruins_grid_1, column_ruins_open_small,
          column_ruins_grid_1
D:14:     layout_gridville, david_vaults_2, hangedman_decor_cross_pass,
          einodemon_barbed_minivault
D:15:     hangedman_depths_entry_try_elsewhere_first, layout_irregular_city
Temple:   hellmonk_temple_beads
Lair:1:   layout_regular_city
Lair:2:   kb_forest_paths, layout_long_grid, minivault_11
Lair:3:   layout_long_grid, nicolae_shoals_entry_roost,
          minmay_snake_entry_guardpost_small
Lair:4:   layout_cave_pods
Lair:5:   gammafunk_lair_ancient_temple, layout_regular_city,
          minmay_slime_entry_pillars, serial_bayou_crossing,
          infiniplex_staircase_pool, serial_bayou_shore_a
Shoals:1: layout_shoals, uniq_frances
Shoals:2: layout_shoals, uniq_ilsuiw, uniq_polyphemus
Shoals:3: layout_shoals
Shoals:4: shoals_end_hellmonk_lost_city, uniq_bai_suzhen, uniq_mara
Snake:1:  layout_rooms, grunt_megastairs_4, uniq_kirke
Snake:2:  layout_rooms, portal_ice_cave_entry_ice_statue_one, uniq_roxanne,
          uniq_nikola
Snake:3:  layout_misc_corridors, grunt_megastairs_2, serial_bayou_shore_b,
          minmay_shoptagon, uniq_agnes, uniq_vashnia, uniq_louise, uniq_aizul
Snake:4:  grunt_snake_rune_serpentine_throne, layout_chambers, serial_shops,
          nicolae_book_shop_shelving, nicolae_shop_window_shopping,
          nicolae_shop_statue_plus, nicolae_shop_bloodbath_and_beyond, shop,
          nicolae_shop_vocational, minmay_shop_grove
Orc:1:    layout_caves
Orc:2:    st_orc_congregation, layout_caves, hellmonk_bongcloud_opening
Elf:1:    eino_elf_arrival_altar, layout_geoelf_octagon, minivault_28,
          minivault_25
Elf:2:    elven_hall_of_blades_hangedman_original
          [nicolae_blade_entry_sentries_behind_glass], layout_onion_city
Elf:3:    elf_hall_gauntlet_wide, layout_loops_cross, serial_shops, shop

Skill      XL: |  1  2  3  4  5  6  7  8  9 10 11 12 13 14 15 16 17 18 19 20 |
---------------+-------------------------------------------------------------+-----
Stealth        | 3 |  3.0
Summonings     | 5 7 9 10 11 12 13 15 17 20 | 20.0
Air Magic      | 2 4 5 6 |  6.9
Fighting       | 3 6 10 12 13 | 13.2
Dodging        | 5 7 8 |  8.0
Evocations     | 2 6 10 | 10.0
Spellcasting   | 5 7 9 10 | 10.0
Polearms       | 4 5 8 |  8.0
Invocations    | 2 10 | 10.0
Armour         | 5 |  5.0
Shields        | 5 7 8 |  8.3
Hexes          | 5 |  5.0
Necromancy     | 5 7 8 |  8.6
Translocations | 3 7 8 9 |  9.3
Ice Magic      | 6 7 |  7.0

Action                     |  1- 3 |  4- 6 |  7- 9 | 10-12 | 13-15 | 16-18 | 19-21 || total
---------------------------+-------+-------+-------+-------+-------+-------+-------++-------
  Melee: Spear             |    73 |    52 |    97 |       |       |       |       ||   222
         Unarmed           |       |       |     9 |       |       |       |       ||     9
         Trident           |       |       |    23 |   211 |    24 |       |       ||   258
         Punch             |       |       |       |     2 |     1 |       |       ||     3
         Demon trident     |       |       |       |       |   345 |   446 |   202 ||   993
         Tailslap          |       |       |       |       |     2 |    15 |     6 ||    23
  Throw: Dart              |       |       |       |     2 |       |       |       ||     2
   Cast: Summon Small Mamm |    61 |    27 |    10 |       |       |       |       ||    98
         Call Imp          |    14 |    20 |    13 |     9 |     1 |       |       ||    57
         Call Canine Famil |     1 |    20 |    34 |    52 |    89 |    16 |       ||   212
         Summon Lightning  |       |       |    10 |    76 |   129 |    67 |     5 ||   287
         Anguish           |       |       |       |       |    37 |    59 |     5 ||   101
         Airstrike         |       |       |       |       |    12 |    57 |    10 ||    79
         Summon Cactus Gia |       |       |       |       |    22 |    35 |       ||    57
         Blink             |       |       |       |       |     1 |    17 |     1 ||    19
         Monstrous Menager |       |       |       |       |       |   223 |   101 ||   324
         Summon Hydra      |       |       |       |       |       |    68 |    52 ||   120
         Apportation       |       |       |       |       |       |     1 |       ||     1
         Summon Forest     |       |       |       |       |       |    10 |    13 ||    23
         Yara's Violent Un |       |       |       |       |       |     2 |       ||     2
         Sublimation of Bl |       |       |       |       |       |       |     4 ||     4
 Invoke: Channel Magic     |       |       |       |       |       |    19 |     5 ||    24
         Divine Exegesis   |       |       |       |       |       |     2 |       ||     2
  Evoke: Wand              |       |       |       |     1 |     5 |    12 |     4 ||    22
         Lightning rod     |       |       |       |       |     4 |    11 |       ||    15
         Phial of floods   |       |       |       |       |       |     5 |       ||     5
         Box of beasts     |       |       |       |       |       |     4 |       ||     4
         Tin of tremorston |       |       |       |       |       |     3 |       ||     3
         Phantom mirror    |       |       |       |       |       |     2 |     1 ||     3
    Use: Scroll            |     1 |     6 |    13 |     5 |    18 |    23 |     4 ||    70
         Potion            |       |       |     1 |     1 |     3 |     9 |       ||    14
   Stab: Distracted        |     2 |       |     3 |     6 |    12 |    21 |     8 ||    52
         Sleeping          |       |       |       |       |     1 |     1 |       ||     2
         Petrified         |       |       |       |       |       |     2 |       ||     2
         Confused          |       |       |       |       |       |     1 |       ||     1
         Paralysed         |       |       |       |       |       |       |     1 ||     1
 Armour: Robe              |    16 |     2 |    18 |       |       |       |       ||    36
         Skin              |       |       |    28 |       |       |       |       ||    28
         Troll leather arm |       |       |     1 |    62 |   153 |   183 |    37 ||   436
  Dodge: Dodged            |    36 |    19 |    49 |   106 |   243 |   233 |   103 ||   789
  Block: Other             |    22 |     2 |       |       |       |       |       ||    24
         Reflection        |       |     1 |       |       |       |       |       ||     1
         Buckler           |       |       |       |       |    88 |   132 |    32 ||   252

Table legend: (Time is in decaauts)
 A = Elapsed time spent in this place.
 B = Non-inter-level travel time spent in this place.
 C = Inter-level travel time spent in this place.
 D = Time resting spent in this place.
 E = Time spent auto-exploring this place.
 F = Levels seen in this place.
 G = Mean time per level.
                   A        B        C        D        E       F      G
               +--------+--------+--------+--------+--------+-----+--------+
         Total |  38356 |  34850 |   3506 |   3437 |  21887 |  34 | 1128.1 |
       Dungeon |  16879 |  15183 |   1696 |   1167 |  10819 |  15 | 1125.3 |
        Temple |    147 |     82 |     65 |      0 |     69 |   1 |  147.0 |
          Lair |   6334 |   5691 |    643 |    305 |   3689 |   5 | 1266.8 |
        Shoals |   4676 |   4390 |    286 |   1074 |   1754 |   4 | 1169.0 |
     Snake Pit |   5259 |   4724 |    535 |    406 |   2884 |   4 | 1314.8 |
  Orcish Mines |   1927 |   1706 |    221 |    186 |    901 |   2 |  963.5 |
   Elven Halls |   3131 |   3073 |     58 |    298 |   1769 |   3 | 1043.7 |
               +--------+--------+--------+--------+--------+-----+--------+

Top non-repeatable levels by time:
 Snake:4: 1920 daAuts
     D:6: 1889 daAuts
  Lair:2: 1730 daAuts
Shoals:4: 1689 daAuts
    D:14: 1659 daAuts
   Orc:2: 1466 daAuts
    D:15: 1346 daAuts
   Elf:1: 1345 daAuts
     D:1: 1342 daAuts
  Lair:5: 1338 daAuts
     D:3: 1318 daAuts
 Snake:2: 1313 daAuts
  Lair:4: 1288 daAuts
 Snake:3: 1160 daAuts
Shoals:2: 1053 daAuts
